 Dungeon Crawl Stone Soup version 0.22-a0-617-g6d95e9e (webtiles) character file.

520 Hebeh the Firebug (level 7, -6/36 HPs)
             Began as a Deep Elf Fire Elementalist on July 12, 2018.
             Killed from afar by an orc wizard (7 damage)
             ... with a magic dart
             ... on level 4 of the Dungeon.
             The game lasted 00:24:15 (4652 turns).

Hebeh the Firebug (Deep Elf Fire Elementalist)      Turns: 4652, Time: 00:24:16

Health: -6/36      AC:  6    Str:  6    XL:     7   Next: 1%
Magic:  11/16      EV: 13    Int: 21    God:
Gold:   198        SH:  0    Dex: 15    Spells: 7/16 levels left

rFire    . . .     SeeInvis +   b - +0 hunting sling
rCold    . . .     Gourm    .   (no shield)
rNeg     . . .     Faith    .   p - +0 robe
rPois    .         Spirit   .   w - +1 helmet
rElec    .         Reflect  .   q - +0 cloak
rCorr    .         Harm     .   A - +0 pair of gloves
MR       .....                  (no boots)
Stlth    ++........             (no amulet)
HPRegen  0.12/turn              m - ring of see invisible
MPRegen  0.15/turn              (no ring)

@: no status effects
A: no striking features
a: no special abilities


You were on level 4 of the Dungeon.
You were not hungry.

You visited 1 branch of the dungeon, and saw 4 of its levels.

You collected 198 gold pieces.

Inventory:

Hand Weapons
 a - a +2 flail of protection
 b - a +0 hunting sling (weapon)
 n - a +0 spear
 y - a +0 short sword
Missiles
 g - 116 stones
 l - 38 sling bullets (quivered)
Armour
 p - a +0 robe (worn)
 q - a +0 cloak (worn)
 w - a +1 helmet (worn)
 x - a +0 leather armour
 A - a +0 pair of gloves (worn)
Jewellery
 m - a ring of see invisible (left hand)
Scrolls
 e - a scroll of amnesia {unknown}
 i - 3 scrolls of remove curse {unknown}
 k - 4 scrolls of identify {unknown}
 o - a scroll of immolation {unknown}
 t - a scroll of blinking {unknown}
 u - a scroll of teleportation {unknown}
 v - a scroll of fog {unknown}
Potions
 d - 2 potions of agility {unknown}
 f - a potion of cancellation {unknown}
 h - a potion of degeneration {unknown}
 j - 3 potions of flight {unknown}
 r - a potion of curing {unknown}
 s - a potion of might {unknown}
 z - a potion of resistance {unknown}
 B - a potion of berserk rage {unknown}
 C - a potion of mutation {unknown}
Comestibles
 c - 3 rations


   Skills:
 - Level 2.4 Dodging
 - Level 2.4 Stealth
 + Level 5.2 Spellcasting
 * Level 5.2 Conjurations
 + Level 2.5 Hexes
 * Level 5.4 Fire Magic


You had 7 spell levels left.
You knew the following spells:

 Your Spells              Type           Power        Failure   Level  Hunger
a - Flame Tongue          Conj/Fire      ####.        1%          1    None
b - Throw Flame           Conj/Fire      ####..       1%          2    None
c - Conjure Flame         Conj/Fire      ####....     3%          3    ##.....
d - Inner Flame           Hex/Fire       ###.....     6%          3    ##.....

Your spell library contained the following spells:

 Spells                   Type           Power        Failure   Level  Hunger
 Fireball                 Conj/Fire      ####......   32%         5    #####..
 Sticky Flame             Conj/Fire      ####....     12%         4    ####...


Dungeon Overview and Level Annotations

Branches:
Dungeon (4/15)
 Temple: D:4-7

Altars:
Beogh


Message History

You don't have the energy to cast that spell.
You eat one of the 4 rations.
That ration really hit the spot!
The orc wizard points at you and mumbles some strange words.
The puff of flame hits you!
Casting: Inner Flame (safe; 6% risk of failure)
Confirm with . or Enter, or press ? or * to list all spells.
Aiming: Conjure Flame (safe; 3% risk of failure)
Press: ? - help, Dir - move target cursor The fire ignites!
The orc priest looks braver for a moment.
The orc priest looks satisfied for a moment.
The orc priest begins to cast a cantrip, but forgets the words!
The orc priest mumbles some strange prayers to Beogh against you.
Beogh smites you!
* * * LOW HITPOINT WARNING * * *
An orc wizard comes into view. It is wielding a dagger.
The orc wizard shouts!
The orc wizard casts a spell at you. The magic dart hits you!
You die...

#### ######.....##..
##...# #............
#.8$8o### #.##.........
#_.o..oo# #.##.....#...
#ยง########.##.......##
##....##....##.....####
###.....##.###########
#.......##.##
#.......@...#
#...........#
#######.....# #.....#
#.....# #.....# #.....#
#.....# #.....#


You could see an orc priest and 2 orc wizards.

Vanquished Creatures
  Sigmund (D:4)
  Edmund (D:4)
  Terence (D:2)
  3 worker ants (D:4)
  Robin (D:2)
  A howler monkey skeleton (D:4)
  6 adders
  An adder zombie (D:4)
  3 worms
  2 dart slugs (D:1)
  4 leopard geckos
  A ball python (D:1)
  A giant cockroach (D:2)
  11 goblins
  12 hobgoblins
  A quokka (D:2)
  10 bats
  7 frilled lizards
  6 kobolds
  8 rats
81 creatures vanquished.

Notes
Turn   | Place    | Note
-------+----------+-------------------------------------------
     0 | D:1      | Hebeh the Deep Elf Fire Elementalist began the quest for the Orb.
     0 | D:1      | Reached XP level 1. HP: 10/10 MP: 6/6
   192 | D:1      | Reached XP level 2. HP: 15/15 MP: 5/8
   913 | D:2      | Noticed Robin
   914 | D:2      | Noticed Terence
   949 | D:1      | Reached XP level 3. HP: 15/19 MP: 7/10
  1346 | D:2      | Killed Terence
  1346 | D:2      | Reached XP level 4. HP: 5/24 MP: 1/11
  1845 | D:2      | Killed Robin
  2332 | D:3      | Learned a level 2 spell: Throw Flame
  2336 | D:3      | Learned a level 3 spell: Conjure Flame
  2340 | D:3      | Learned a level 3 spell: Inner Flame
  2400 | D:3      | Reached XP level 5. HP: 28/28 MP: 13/13
  3637 | D:4      | Reached skill level 1 in Hexes
  3665 | D:4      | Noticed Sigmund
  3678 | D:4      | Killed Sigmund
  3678 | D:4      | Reached skill level 5 in Fire Magic
  3678 | D:4      | Reached XP level 6. HP: 32/32 MP: 6/15
  4034 | D:4      | Noticed Edmund
  4220 | D:4      | Killed Edmund
  4220 | D:4      | Reached skill level 5 in Spellcasting
  4220 | D:4      | Reached skill level 5 in Conjurations
  4483 | D:4      | Reached XP level 7. HP: 36/36 MP: 14/16
  4642 | D:4      | Found a roughly hewn altar of Beogh.
  4651 | D:4      | HP: 1/36 [orc priest/divine providence (13)]
  4652 | D:4      | Killed from afar by an orc wizard

Vault maps used:
D:1:      lightli_arrival_statue_moat
D:2:      uniq_robin, uniq_terence
D:4:      serial_shops, shop, kennysheep_orc_chapel, uniq_sigmund, uniq_edmund

Skill      XL: |  1  2  3  4  5  6 |
---------------+-------------------+-----
Conjurations   | 2 3 4 5 |  5.2
Spellcasting   | 4 5 |  5.2
Fire Magic     | 4 5 |  5.4
Hexes          | 1 2 |  2.5
Dodging        | |  2.4
Stealth        | |  2.4

Action                   |  1- 3 |  4- 6 |  7- 9 || total
-------------------------+-------+-------+-------++-------
 Fire: Hunting sling     |       |    49 |       ||    49
Throw: Stone             |     3 |       |       ||     3
 Cast: Flame Tongue      |    68 |    87 |     1 ||   156
       Throw Flame       |       |     2 |       ||     2
       Conjure Flame     |       |     1 |     1 ||     2
       Inner Flame       |       |       |     1 ||     1
  Eat: Chunk             |     1 |     8 |       ||     9
       Ration            |       |       |     1 ||     1
Armor: Robe              |     4 |     3 |       ||     7
Dodge: Dodged            |    28 |    24 |       ||    52

Table legend:
 A = Spawn XP
 B = Non-spawn XP
 C = Spawn XP percentage of total XP
 D = Spawn monster count
 E = Non-spawn monster count
 F = Spawn count percentage of total count
 G = Total turns spent on level
                    A         B        C        D         E        F      G
               +---------+---------+-------+---------+---------+-------+---------
         Total |       0 |     743 |   0.0 |       0 |      81 |   0.0 |  4652
               +---------+---------+-------+---------+---------+-------+---------
           D:1 |       0 |      41 |   0.0 |       0 |      26 |   0.0 |  1023
           D:2 |       0 |     152 |   0.0 |       0 |      37 |   0.0 |  1304
           D:3 |       0 |      26 |   0.0 |       0 |       8 |   0.0 |  1017
           D:4 |       0 |     524 |   0.0 |       0 |      10 |   0.0 |  1308
               +---------+---------+-------+---------+---------+-------+---------
